AoeStats
← uyg.games

Arabia

503533347Analyzed
1v1 RM · 1mo ago on Sep 1, 2026· 29m 21s· 2 players
Game mode
Random Map
Map size
Tiny (2 player)
Population
200
Speed
Normal
Resources
Standard
Victory
Conquest
Starting age
Dark Age
Ending age
Imperial Age
RankedLock teamsTeams togetherTeam positionsShared explorationLock speedFull tech treeHidden civsTurbo modeCheats
Victory
Defeat
🇺🇸 Goths · United States
1228
+15
🇨🇴 Sicilians · Colombia
1200
-15
alejomer
5:20 Loom
9:10 Feudal Age
9:38 Double-Bit Axe
10:13 Town Watch
19:58 Wheelbarrow
28:20 Castle Age
27:25 Bloodlines
uyg.games
0:49 Loom
9:43 Feudal Age
10:02 Man-at-Arms
25:50 Castle Age
24:47 Forging
24:43 Scale Barding Armor
25:36 Bloodlines
26:29 Long Swordsman
27:12 Squires
27:41 Scale Mail Armor
Connection lost

Rejoining the realm…

Still unreachable

The connection could not be restored.

Session expired

The server has moved on; the page needs a fresh start.